 Dungeon Crawl Stone Soup version 0.20.0-8-g6b59dc7 (webtiles) character file.

453416 Angani the Bringer of Law (level 25, -3/208 HPs)
             Began as a Formicid Fighter on May 31, 2017.
             Was the Champion of Zin.
             Splashed by a caustic shrike's acid (10 damage)
             ... on level 3 of the Depths.
             The game lasted 02:58:23 (58071 turns).

Angani the Bringer of Law (Formicid Fighter)       Turns: 58071, Time: 02:58:23

Health: -3/208     AC: 27    Str: 47    XL:     25   Next: 54%
Magic:  47/49      EV: 18    Int: 19    God:    Zin [******]
Gold:   2593       SH: 34    Dex: 24    Spells: 24/24 levels left

rFire    + . .     SeeInvis +   a - +6 lajatang (speed)
rCold    + . .     Gourm    .   e - +1 large shield {rN+}
rNeg     + + +     Faith    .   I - +6 scale mail of Vlad {-Cast rC+ Str+7}
rPois    ∞         Spirit   .   (helmet unavailable)
rElec    .         Reflect  +   Y - +2 ratskin cloak {+Rats rPois rN+ Str-1 Int-1 Dex+1}
rCorr    .         Harm     .   P - +2 pair of gloves
MR       +++++     NoCast   +   H - +2 pair of boots of Vukhlomal {rN+ MR+++}
Stlth    +.........             o - +4 amulet of reflection
Regen    0.5/turn               y - ring of protection from magic
MPRegen  0.4/turn               w - ring "Cawe" {rF+ MR+ MP+9 Str-3 Dex+4}

@: mighty, vitalised
A: permanent stasis, dig shafts and tunnels, four strong arms, antennae 3
}: 2/15 runes: decaying, gossamer
a: Dig, Shaft Self, Recite, Vitalisation, Imprison, Sanctuary, Donate Gold, Cure
All Mutations, Renounce Religion, Evoke Ratskin


You were on level 3 of the Depths.
You worshipped Zin.
Zin was exalted by your worship.
You were not hungry.

You visited 9 branches of the dungeon, and saw 42 of its levels.
You also visited: Labyrinth, Ossuary and Ice Cave.

You collected 5916 gold pieces.
You spent 2353 gold pieces at shops.
You donated 970 gold pieces to Zin.

Inventory:

Hand Weapons
 a - a +6 lajatang of speed (weapon)
 t - a +3 demon whip
Armour
 e - a +1 large shield of positive energy (worn)
 H - the +2 pair of boots of Vukhlomal (worn) {rN+ MR+++}
   (You acquired it on level 3 of the Vaults)

   It protects you from negative energy.
   It affects your resistance to hostile enchantments.
 I - the +6 scale mail of Vlad (worn) {-Cast rC+ Str+7}
   (You found it on level 15 of the Dungeon)

   It affects your strength (+7).
   It protects you from cold.
   It prevents spellcasting.
 P - a +2 pair of gloves (worn)
 Y - the +2 ratskin cloak (worn) {+Rats rPois rN+ Str-1 Int-1 Dex+1}
   (You bought it in a shop on level 2 of the Orcish Mines)

   It affects your strength (-1).
   It affects your intelligence (-1).
   It affects your dexterity (+1).
   It protects you from poison.
   It protects you from negative energy.
Jewellery
 c - a cursed -2 ring of intelligence {unknown}
 m - an uncursed ring of flight
 o - a +4 amulet of reflection (around neck)
 v - an uncursed ring of protection from fire
 w - the ring "Cawe" (right hand) {rF+ MR+ MP+9 Str-3 Dex+4}
   (You found it on level 1 of the Lair of Beasts)

   [ring of magical power]

   It affects your strength (-3).
   It affects your dexterity (+4).
   It protects you from fire.
   It affects your resistance to hostile enchantments.
   It affects your magic capacity (+9).
 y - a ring of protection from magic (left hand)
 C - an uncursed ring of protection from cold
 K - an uncursed ring of protection from cold
 Q - an uncursed ring of poison resistance
Wands
 x - a wand of flame (10/48)
 z - a wand of paralysis (8/24)
 J - a wand of acid (0/15)
 N - a wand of disintegration (12/24)
 O - a wand of acid (0/15)
 S - a wand of paralysis (10/24)
 T - a wand of scattershot (0/9)
Scrolls
 b - 5 scrolls of enchant armour
 g - 4 scrolls of amnesia
 j - 15 scrolls of remove curse
 l - 8 scrolls of identify
 s - 2 scrolls of magic mapping
 A - 7 scrolls of recharging
 B - a scroll of silence
 G - 2 scrolls of fear
 L - 7 scrolls of fog
 V - 7 scrolls of immolation
Potions
 d - 2 potions of invisibility
 h - 2 potions of cancellation
 i - 8 potions of curing
 k - 11 potions of brilliance
 n - 4 potions of resistance
 p - 4 potions of magic
 q - 4 potions of agility
 r - 5 potions of ambrosia
 u - 2 potions of flight
 M - 4 potions of might
Books
 R - a book of Power

   Spells                             Type                      Level
   a - Iskenderun's Battlesphere      Conjuration/Charms           5
   b - Venom Bolt                     Conjuration/Poison           5
   c - Bolt of Magma                  Conjuration/Fire/Earth       5
   d - Iron Shot                      Conjuration/Earth            6
   e - Orb of Destruction             Conjuration                  7
   f - Spellforged Servitor           Conjuration/Summoning        7
Miscellaneous
 D - 2 phantom mirrors
Comestibles
 f - 22 bread rations
 E - 7 meat rations


   Skills:
 + Level 19.5 Fighting
   Level 10.0(13.1) Polearms
 - Level 14.0(15.0) Staves
 - Level 17.0 Armour
 - Level 8.0 Dodging
 - Level 21.0 Shields
 O Level 27 Invocations


You had 24 spell levels left.
You didn't know any spells.

Dungeon Overview and Level Annotations

Branches:
Dungeon (15/15)            Temple (1/1) D:4            Lair (6/6) D:9
  Swamp (4/4) Lair:4       Spider (4/4) Lair:2        Slime (0/5) Lair:5
    Orc (2/2) D:9             Elf (0/3) Orc:2        Vaults (4/5) D:14
  Crypt (3/3) Vaults:3       Tomb (0/3) Crypt:3      Depths (3/5) D:15

Altars:
Ashenzari
Cheibriados
Dithmenos
Elyvilon
Fedhas
Gozag
Kikubaaqudgha
Makhleb
Nemelex Xobeh
Okawaru
Qazlal
Ru
Sif Muna
Trog
Uskayaw
Vehumet
Xom
Yredelemnul
Zin
The Shining One
Beogh
Jiyva

Shops:
D:7 ?   D:8 [   D:10 }   D:14 =   Orc:2 (:*[   Vaults:3 %(?(?   Depths:1 }==
Depths:2 %

Portals:
Hell: Depths:1 Depths:2 Depths:3
Abyss: Depths:2
Pandemonium: Depths:3
Trove: D:10 (give +7 demon whip)

Annotations:
Spider:4 2 exclusions
Depths:2 2 runed doors


Innate Abilities, Weirdness & Mutations

You cannot be hasted, slowed, berserked, paralysed or teleported.
You can dig through walls and to a lower floor.
Your four strong arms can wield two-handed weapons with a shield.
You have a pair of large antennae on your head. (SInv)


Message History

The spriggan berserker goes berserk!
The elephant rages.
Unknown command.
You block the caustic shrike's attack.
The frost giant hits you but does no damage.
You block the spriggan rider's attack. The caustic shrike misses you.
There's already a sanctuary in place on this level.
Unknown command.
Unknown command.
The caustic shrike claws you.
* * * LOW HITPOINT WARNING * * *
You are splashed with acid!
The acid burns!
* * * LOW HITPOINT WARNING * * *
The caustic shrike completely misses you.
You block the spriggan rider's attack.
The elephant rages. x2
The caustic shrike claws you!!
* * * LOW HITPOINT WARNING * * *
You are splashed with acid!
The acid burns!
You die...

#..≈.##''## ++##
#..8.#....#..#. ...#{{ {
#..≈.#....# ... ...# {
#.)≈)#....# ... ...# {
#..≈)'.#..# .'###...##
#....'.##.###YO.)))''#
#....##.C..#iiYO'# {
##....#.#..##bbi.## { { {
#..'##.##.C'@.#..## {
###'.##....'#.#.O{###
#....#.....##.##...#########
#....##....###†)...#........
##....##..'÷###...''..≈⌠.≈..
#...#.###['..###.#....≈≈...
##..##.###.....###.........
##...#.##.......##########
##..##.##...#.......##...


You could see 2 caustic shrikes, 2 frost giants, 2 elephants, 2 spriggan riders,
2 two-headed ogres and a spriggan berserker (berserk).

Vanquished Creatures
  An ancient lich (Crypt:3)
  Sojobo (Crypt:3)
  Margery (Vaults:2)
  Bai Suzhen (Spider:4)
  A caustic shrike (Depths:3)
  A golden dragon (Depths:3)
  A bone dragon (Crypt:3)
  A tentacled monstrosity (Vaults:1)
  5 liches
  2 ancient champions (Crypt:1)
  A thorn hunter (Swamp:4)
  Kirke (Swamp:3)
  Donald (Crypt:1)
  Roxanne (D:14)
  3 tengu reavers
  A revenant (Crypt:1)
  5 fire giants
  2 ghost moths
  4 vault wardens
  Aizul (Spider:1)
  A deep elf sorcerer (Vaults:2)
  2 orc warlords (Orc:2)
  2 frost giants
  A balrug (Depths:2)
  3 emperor scorpions (Spider:4)
  A curse skull (Crypt:2)
  2 reapers
  9 ghouls
  19 very ugly things
  11 stone giants
  4 war gargoyles (Crypt:3)
  10 ironheart preservers
  4 vampire knights
  3 entropy weavers
  3 spark wasps (Spider:4)
  Azrael (D:13)
  Snorg (D:14)
  3 crystal guardians (Crypt:3)
  The ghost of newuser the Summoner, a journeyman DrSu of Sif Muna (Lair:4)
  A merfolk javelineer (Depths:1)
  6 ettins
  2 deep elf death magi (Vaults:3)
  5 eidola
  A minotaur (Lab)
  8 yaktaur captains
  Fannar (Lair:3)
  16 jiangshi
  4 great orbs of eyes
  A rakshasa (Vaults:2)
  6 fire dragons
  Erolcha (D:11)
  27 hydras
  A quicksilver dragon skeleton (Crypt:1)
  3 vault guards (Vaults:4)
  15 ogre magi
  A spriggan air mage (Depths:2)
  A ghost crab (Swamp:3)
  7 ice dragons
  5 centaur warriors
  4 catoblepae
  Erica (D:8)
  3 death knights
  The ghost of Toogi the Fighter, a novice MiHu of Okawaru (Lair:1)
  10 alligators
  2 deep troll shamans
  68 two-headed ogres
  7 vampire magi
  A spriggan berserker (Depths:3)
  8 death scarabs (Spider:4)
  6 deep troll earth magi
  7 spriggans
  5 dancing weapons (Crypt:3)
  7 death yaks
  7 tengu warriors
  A soul eater (Crypt:1)
  Urug (D:14)
  2 sun demons (Depths:2)
  4 orc high priests (Orc:2)
  10 deep elf knights
  Nergalle (D:10)
  Sonja (D:11)
  18 hell knights
  A shadow wraith (Vaults:4)
  A spectral emperor scorpion (Spider:4)
  An iron troll (Depths:3)
  A death drake (shapeshifter) (D:14)
  A fire crab (shapeshifter) (D:14)
  26 deep trolls
  A glowing orange brain (Depths:1)
  3 titan skeletons
  An unseen horror (shapeshifter) (D:14)
  38 skeletal warriors
  6 unseen horrors
  An anaconda zombie (Crypt:3)
  A storm dragon skeleton (Crypt:3)
  A spriggan druid (Swamp:3)
  4 flayed ghosts
  4 wizards
  5 shambling mangroves
  8 swamp dragons
  4 spectral wolf spiders (Spider:4)
  A ghost moth zombie (Crypt:2)
  3 phantasmal warriors
  A shadow demon (Depths:2)
  A lindwurm (shapeshifter) (Vaults:4)
  4 deep elf archers
  An iron giant skeleton (Crypt:1)
  3 wolf spider zombies (Spider:4)
  2 anaconda skeletons
  16 deep elf magi
  11 ironbrand convokers
  6 harpies
  10 necromancers
  An orb spider (shapeshifter) (Vaults:1)
  6 manticores
  7 orc sorcerers
  18 orc knights
  56 ugly things
  31 wolf spiders
  7 cyclopes
  12 orb spiders
  A shadow dragon skeleton (Crypt:3)
  A cyclops (shapeshifter) (D:15)
  5 moths of wrath
  5 black mambas
  9 elephants
  11 vault sentinels
  An elephant (shapeshifter) (Depths:1)
  A torpor snail (Lair:6)
  2 rust devils (Depths:2)
  A black mamba (shapeshifter) (Vaults:4)
  An ice statue (IceCv)
  A stone giant skeleton (Crypt:3)
  A dire elephant zombie (Crypt:3)
  2 gargoyles
  21 spiny frogs
  Joseph (D:7)
  7 centaur skeletons
  5 spectral swamp worms (Depths:1)
  A torpor snail (shapeshifter) (Depths:3)
  2 dire elephant skeletons
  A death yak zombie (Crypt:2)
  6 freezing wraiths
  7 komodo dragons
  4 kobold demonologists
  An alligator snapping turtle zombie (Crypt:2)
  A rime drake (shapeshifter) (D:14)
  2 rime drakes (D:12)
  3 spectral redbacks (Spider:4)
  A hellwing (Depths:2)
  A redback zombie (Spider:4)
  21 yaktaurs
  11 demonic crawlers
  A purple draconian skeleton (Crypt:1)
  12 trolls
  A red devil (Depths:2)
  A black draconian skeleton (Crypt:1)
  2 queen bees
  3 meliai
  2 wind drakes (shapeshifter)
  2 spectral jumping spiders (Spider:4)
  19 polar bears
  3 tengu conjurers
  44 jumping spiders
  21 hornets
  5 tyrant leeches
  3 spectral tarantellas (Spider:4)
  A snapping turtle (shapeshifter) (Vaults:4)
  8 blink frogs
  2 tarantella zombies (Spider:4)
  Prince Ribbit (D:7)
  14 hippogriffs
  An ettin zombie (Crypt:3)
  A fire giant simulacrum (Crypt:1)
  25 slime creatures
  A fire dragon zombie (Crypt:3)
  A hydra skeleton (Crypt:3)
  12 bog bodies
  3 centaur simulacra (D:10)
  Sigmund (D:3)
  29 flying skulls (Crypt:3)
  77 redbacks
  A ynoxinul (Depths:2)
  3 air elementals (Depths:2)
  A spriggan (shapeshifter) (Vaults:2)
  9 wraiths
  8 water elementals
  2 shadows
  2 vampires
  63 yaks
  28 tarantellas
  4 basilisks
  4 wyverns
  2 fire elementals (D:13)
  Grum (Lair:1)
  9 hungry ghosts
  A basilisk (shapeshifter) (Vaults:1)
  A neqoxec (Depths:2)
  25 vampire mosquitoes
  Menkaure (D:7)
  A warg (shapeshifter) (Vaults:1)
  23 swamp worms
  6 wargs
  A soldier ant (D:10)
  9 insubstantial wisps
  2 acid dragons
  A two-headed ogre skeleton (Crypt:2)
  11 porcupines
  A spiny frog zombie (Crypt:3)
  59 orc warriors
  12 water moccasins
  2 hell hounds (D:13)
  16 swamp drakes
  2 black bears
  A meliai simulacrum (D:11)
  9 ice beasts
  3 eyes of draining
  5 necrophages
  4 phantoms
  37 ogres
  An ogre (shapeshifter) (D:13)
  A torpor snail zombie (Crypt:1)
  A swamp dragon skeleton (Crypt:3)
  6 boggarts
  8 sky beasts
  A snapping turtle skeleton (Crypt:3)
  17 wolves
  12 centaurs
  12 crocodiles
  5 big kobolds
  16 bullfrogs
  2 wyvern zombies
  A komodo dragon skeleton (Crypt:2)
  An earth elemental (Lab)
  2 wyvern skeletons
  A water moccasin zombie (D:9)
  A scorpion (D:11)
  2 troll zombies
  A water moccasin skeleton (D:4)
  2 human simulacra
  45 killer bees
  A troll skeleton (Crypt:3)
  24 wights
  8 howler monkeys
  7 electric eels
  9 crimson imps
  A bullfrog zombie (D:10)
  7 hounds
  7 centaur zombies
  33 orc priests
  7 jellies
  29 orc wizards
  9 bullfrog skeletons
  Jessica (D:3)
  Natasha (thrice) (D:3 D:6)
  5 hell rats (Lair:2)
  18 worker ants
  A felid zombie (Crypt:2)
  5 ogre zombies (D:9)
  2 big kobold zombies (Ossuary)
  A sky beast zombie (Crypt:2)
  A demigod skeleton (Crypt:1)
  3 hound skeletons (D:7)
  A killer bee simulacrum (D:10)
  2 mummies
  A worker ant zombie (D:11)
  Robin (D:3)
  5 gnolls
  A howler monkey skeleton (D:11)
  14 adders
  A hound simulacrum (D:10)
  A shadow imp (D:12)
  4 white imps (D:10)
  2 worker ant simulacra (D:10)
  An ufetubus (D:10)
  An adder zombie (Crypt:1)
  6 adder skeletons
  A halfling skeleton (Crypt:1)
  An iguana skeleton (Crypt:2)
  4 worms
  2 dart slugs
  An adder simulacrum (D:10)
  4 leopard geckos
  144 orcs
  2 spectral bats (Ossuary)
  4 ball pythons (D:6)
  8 bats
  8 giant cockroaches
  10 gnoll zombies (Ossuary)
  13 goblins
  14 hobgoblins
  3 iguanas
  19 jackals
  5 quokkas
  4 bat simulacra (Ossuary)
  7 frilled lizards
  A frilled lizard skeleton (Crypt:1)
  3 goblin simulacra (Ossuary)
  A goblin skeleton (D:9)
  9 goblin zombies
  7 hobgoblin zombies
  A jackal skeleton (D:5)
  23 kobolds
  8 kobold zombies (Ossuary)
  2 orc skeletons (D:9)
  12 orc zombies
  A quokka simulacrum (D:10)
  A quokka zombie (D:6)
  14 rats
  3 rat simulacra (Ossuary)
  A rat skeleton (Crypt:1)
  3 spectral goblins (Ossuary)
  3 spectral kobolds (Ossuary)
  A spectral rat (Ossuary)
  9 pillars of salt
2230 creatures vanquished.

Vanquished Creatures (others)
  A hydra (Swamp:4)
  A centaur warrior (Vaults:1)
  A tengu warrior (D:11)
  A two-headed ogre (Vaults:1)
  A cyclops (Vaults:2)
  2 yaktaurs (Vaults:1)
  A jumping spider (Spider:1)
  A hornet (Swamp:3)
  A tarantella (Spider:4)
  2 humans (Swamp:3)
  A yak (D:10)
  A swamp drake (Swamp:3)
  6 centaurs
  An orc (D:12)
  A kobold (D:7)
  4 briar patches (Swamp:4)
  A bush (Lair:4)
  9 fungi
  84 pillars of salt
  15 plants
135 creatures vanquished.

Grand Total: 2365 creatures vanquished

Notes
Turn   | Place    | Note
-------+----------+-------------------------------------------
     0 | D:1      | Angani the Formicid Fighter began the quest for the Orb.
     0 | D:1      | Reached XP level 1. HP: 18/18 MP: 1/1
    31 | D:1      | Reached XP level 2. HP: 20/24 MP: 2/2
    54 | D:1      | Noticed a bullfrog
   268 | D:1      | Reached XP level 3. HP: 29/29 MP: 3/3
   665 | D:2      | Reached XP level 4. HP: 26/35 MP: 4/4
   826 | D:2      | Reached skill level 5 in Shields
  1260 | D:2      | Reached XP level 5. HP: 38/42 MP: 5/5
  1475 | D:3      | Noticed Natasha
  1479 | D:3      | Killed Natasha
  1480 | D:3      | Noticed Natasha
  1485 | D:3      | Noticed Sigmund
  1489 | D:3      | Reached skill level 5 in Armour
  1497 | D:3      | Killed Natasha
  1504 | D:3      | Killed Sigmund
  1504 | D:3      | Reached skill level 5 in Fighting
  1504 | D:3      | Reached XP level 6. HP: 46/51 MP: 6/6
  1618 | D:3      | Reached XP level 7. HP: 51/56 MP: 7/7
  1646 | D:3      | Noticed Robin
  1650 | D:3      | Killed Robin
  1730 | D:3      | Noticed Jessica
  1738 | D:3      | Killed Jessica
  1755 | D:3      | Found a shimmering altar of Xom.
  1821 | D:3      | Found a shadowy altar of Dithmenos.
  1821 | D:3      | Found an opulent altar of Gozag.
  2132 | D:3      | Found a deep blue altar of Sif Muna.
  2346 | D:4      | Found a staircase to the Ecumenical Temple.
  2351 | Temple   | Entered the Ecumenical Temple
  2416 | Temple   | Became a worshipper of Zin the Law-Giver
  2416 | Temple   | Reached * piety under Zin
  2534 | D:4      | Reached skill level 5 in Staves
  2870 | D:4      | Reached XP level 8. HP: 60/62 MP: 8/8
  2894 | D:4      | Reached skill level 2 in Invocations
  3126 | D:4      | Reached skill level 3 in Invocations
  3323 | D:4      | Reached skill level 4 in Invocations
  3374 | D:4      | Reached ** piety under Zin
  3742 | D:5      | Entered Level 5 of the Dungeon
  3805 | D:5      | Reached skill level 5 in Invocations
  3967 | D:5      | Reached skill level 6 in Invocations
  4468 | D:5      | Reached skill level 7 in Invocations
  4503 | D:6      | Reached XP level 9. HP: 24/68 MP: 14/14
  4523 | D:6      | Found a sand-covered staircase.
  4525 | D:6      | Noticed Natasha
  4541 | D:6      | Killed Natasha
  4542 | D:6      | Reached skill level 8 in Invocations
  4581 | D:6      | Reached skill level 9 in Invocations
  4600 | Ossuary  | Entered an ossuary
  4729 | Ossuary  | Reached *** piety under Zin
  5005 | Ossuary  | Reached **** piety under Zin
  5154 | D:6      | Reached skill level 10 in Invocations
  5911 | D:7      | Noticed Menkaure
  6195 | D:7      | Killed Menkaure
  6197 | D:7      | Reached skill level 11 in Invocations
  6365 | D:7      | Noticed Prince Ribbit
  6391 | D:7      | Killed Prince Ribbit
  6392 | D:7      | Reached XP level 10. HP: 38/74 MP: 18/18
  6555 | D:7      | Got an uncursed fine trident {venom}
  6556 | D:7      | Identified the +9 trident "Eblicaix" {venom, rElec} (You took it off a centaur on level 7 of the Dungeon)
  6571 | D:7      | Found a sparkling altar of Nemelex Xobeh.
  6657 | D:7      | Reached skill level 1 in Polearms
  6741 | D:7      | Reached ***** piety under Zin
  6777 | D:7      | Found a basalt altar of Yredelemnul.
  6838 | D:7      | Found Ulid's Magic Scroll Shoppe.
  7093 | D:7      | Noticed Joseph
  7103 | D:7      | Killed Joseph
  7298 | D:8      | Reached skill level 5 in Polearms
  7454 | D:8      | Noticed Erica
  7462 | D:8      | Killed Erica
  7963 | D:8      | Reached XP level 11. HP: 72/79 MP: 19/19
  7995 | D:8      | Found Vyna's Armour Emporium.
  8005 | D:8      | Bought a +0 large shield of positive energy for 127 gold pieces
  8177 | D:8      | You fall through a shaft for 2 floors!
  8177 | D:10     | Entered Level 10 of the Dungeon
  8683 | D:10     | Reached skill level 10 in Polearms
  8718 | D:10     | Noticed a two-headed ogre
  8730 | D:10     | Killed a two-headed ogre
  8794 | D:10     | Noticed a two-headed ogre
  8814 | D:10     | Killed a two-headed ogre
  8825 | D:10     | Noticed a death yak
  8870 | D:10     | Found a portal to a secret trove of treasure.
  9117 | D:10     | Killed a death yak
  9194 | D:10     | Noticed Nergalle
  9202 | D:10     | Killed Nergalle
  9281 | D:10     | Reached skill level 10 in Shields
  9386 | D:10     | Found Panenn's Gadget Shoppe.
  9683 | D:9      | Noticed a two-headed ogre
  9697 | D:9      | Killed a two-headed ogre
  9697 | D:9      | Reached XP level 12. HP: 73/86 MP: 20/20
 10473 | D:9      | Found a staircase to the Orcish Mines.
 10523 | D:9      | Reached ****** piety under Zin
 10817 | D:9      | Reached skill level 10 in Armour
 10899 | D:9      | Found a staircase to the Lair.
 11455 | D:11     | Noticed Erolcha
 11464 | D:11     | Killed Erolcha
 11652 | D:11     | Noticed an unseen horror
 11657 | D:11     | Killed an unseen horror
 11704 | D:11     | Reached XP level 13. HP: 102/102 MP: 17/21
 11746 | D:11     | Reached skill level 10 in Fighting
 11758 | D:11     | Noticed a centaur warrior
 11760 | D:11     | Killed a centaur warrior
 11776 | D:11     | Reached skill level 1 in Dodging
 11905 | D:11     | Noticed a six-headed hydra
 11930 | D:11     | Killed a six-headed hydra
 12004 | D:11     | Reached skill level 5 in Dodging
 12355 | D:11     | Noticed Sonja
 12383 | D:11     | Killed Sonja
 12890 | D:11     | Found a sacrificial altar of Ru.
 12901 | D:11     | Noticed a six-headed hydra
 13148 | D:11     | Killed a six-headed hydra
 13585 | D:11     | Reached skill level 12 in Invocations
 13755 | D:11     | Reached XP level 14. HP: 90/113 MP: 23/23
 14016 | D:11     | Identified the Papyrus of Congealing Intoxication
 14328 | Lair:1   | Entered Level 1 of the Lair of Beasts
 14339 | Lair:1   | Got a faintly glowing lapis lazuli ring
 14340 | Lair:1   | Identified the ring of the Slug {*Slow rF+ Str+6 Int+4 Stlth-} (You found it on level 1 of the Lair of Beasts)
 14342 | Lair:1   | Identified a scroll of acquirement
 14357 | Lair:1   | Identified a +1 pair of boots of running (You acquired it on level 1 of the Lair of Beasts)
 14423 | Lair:1   | Noticed Grum
 14443 | Lair:1   | Killed Grum
 14530 | Lair:1   | Reached skill level 13 in Invocations
 14720 | Lair:1   | Noticed Toogi's ghost (novice MiHu)
 14731 | Lair:1   | Killed Toogi's ghost
 15149 | Lair:1   | Reached skill level 14 in Invocations
 15157 | Lair:1   | Got a faintly glowing bone ring
 15159 | Lair:1   | Identified the ring "Cawe" {rF+ MR+ MP+9 Str-3 Dex+4} (You found it on level 1 of the Lair of Beasts)
 15930 | Lair:2   | Reached skill level 15 in Invocations
 16344 | Lair:2   | Found a hole to the Spider Nest.
 16655 | Lair:3   | Found a labyrinth entrance.
 16695 | Lab      | Entered a labyrinth
 18012 | Lab      | Got an uncursed shimmering shortbow {velocity}
 18016 | Lab      | Identified the Collected Works on Clay
 18028 | Lab      | Identified the Guide on Bewitchment and the Birds
 18030 | Lab      | Identified the +4 shortbow of Trog {velocity, *Corrode +Inv rF+ Int+3} (You took it off a minotaur in a labyrinth)
 18617 | Lair:3   | Noticed Fannar
 18628 | Lair:3   | Killed Fannar
 18911 | Lair:4   | Reached skill level 16 in Invocations
 19134 | Lair:4   | Noticed newuser's ghost (journeyman DrSu)
 19244 | Lair:4   | Killed newuser's ghost
 19244 | Lair:4   | Reached XP level 15. HP: 112/118 MP: 27/27
 19366 | Lair:4   | Found a staircase to the Swamp.
 19399 | Lair:4   | Found a bloodstained altar of Trog.
 19961 | Lair:5   | Found a viscous altar of Jiyva.
 19962 | Lair:5   | Found a staircase to the Slime Pits.
 20838 | Lair:6   | Entered Level 6 of the Lair of Beasts
 22434 | Lair:6   | Reached skill level 15 in Shields
 23174 | D:12     | Found a frozen archway.
 23189 | D:12     | Reached XP level 16. HP: 97/125 MP: 28/28
 23204 | IceCv    | Entered an ice cave
 23885 | IceCv    | Noticed a frost giant
 23912 | IceCv    | Killed a frost giant
 24165 | IceCv    | Got a smoking glaive
 24173 | IceCv    | Identified the +8 glaive of Agony {freeze, SInv} (You found it in an ice cave)
 24450 | D:12     | Got a warped ring mail
 24884 | D:12     | Found a glowing golden altar of the Shining One.
 25838 | D:13     | Noticed Azrael
 25851 | D:13     | Killed Azrael
 26448 | D:13     | Reached skill level 10 in Staves
 26723 | D:14     | Noticed Snorg
 26737 | D:14     | Killed Snorg
 26795 | D:14     | Noticed Urug
 27046 | Orc:1    | Entered Level 1 of the Orcish Mines
 27494 | Orc:2    | Entered Level 2 of the Orcish Mines
 28213 | Orc:2    | Found a roughly hewn altar of Beogh.
 28514 | Orc:2    | Found Issam's Armour Shoppe.
 28534 | Orc:2    | Bought the +2 ratskin cloak {+Rats rPois rN+ Str-1 Int-1 Dex+1} for 305 gold pieces
 28568 | Orc:2    | Found Ycanis's Assorted Antiques.
 28575 | Orc:2    | Bought a scroll labeled WANIPL AT PITOBUST for 33 gold pieces
 28697 | Orc:2    | Reached XP level 17. HP: 131/131 MP: 29/29
 28768 | Orc:2    | Found a staircase to the Elven Halls.
 29004 | Orc:2    | Found a roughly hewn altar of Beogh.
 29020 | Orc:2    | Found Ykhlor's Antique Weapon Emporium.
 29054 | Orc:2    | Found Vofe's Book Shoppe.
 29468 | Orc:2    | Bought a manual of Shields for 1545 gold pieces
 29942 | D:14     | Noticed Roxanne
 29959 | D:14     | Killed Roxanne
 30103 | D:14     | Killed Urug
 30172 | D:14     | Found a gate to the Vaults.
 30418 | D:14     | Found Acuhell's Jewellery Shoppe.
 30450 | D:15     | Entered Level 15 of the Dungeon
 30966 | D:15     | Got a twisted scale mail
 30977 | D:15     | Identified the +6 scale mail of Vlad {-Cast rC+ Str+7} (You found it on level 15 of the Dungeon)
 31605 | D:15     | Found a staircase to the Depths.
 32114 | Swamp:1  | Entered Level 1 of the Swamp
 32718 | Swamp:1  | Reached XP level 18. HP: 118/138 MP: 30/30
 34441 | Swamp:3  | Noticed Kirke
 34453 | Swamp:3  | Killed Kirke
 34859 | Swamp:4  | Entered Level 4 of the Swamp
 35760 | Swamp:4  | Noticed Mara
 36559 | Swamp:4  | Noticed Angani's illusion
 36916 | Swamp:3  | Donated 639 gold pieces to Zin
 37627 | Swamp:4  | Got a decaying rune of Zot
 37809 | Spider:1 | Entered Level 1 of the Spider Nest
 37830 | Lair:2   | Reached skill level 15 in Fighting
 37919 | Spider:1 | Reached XP level 19. HP: 155/155 MP: 31/31
 38038 | Spider:1 | Noticed Aizul
 38081 | Spider:1 | Killed Aizul
 40599 | Spider:4 | Entered Level 4 of the Spider Nest
 40964 | Spider:4 | Noticed Bai Suzhen
 40990 | Spider:4 | Killed Bai Suzhen
 40990 | Spider:4 | Reached skill level 15 in Armour
 41844 | Spider:4 | Reached XP level 20. HP: 151/162 MP: 32/32
 42598 | Spider:4 | Got a gossamer rune of Zot
 43149 | Vaults:1 | Entered Level 1 of the Vaults
 44500 | Vaults:1 | Noticed a tentacled monstrosity
 44527 | Vaults:1 | Killed a tentacled monstrosity
 44527 | Vaults:1 | Reached skill level 17 in Invocations
 44673 | Vaults:1 | Reached XP level 21. HP: 136/168 MP: 33/33
 45152 | Vaults:1 | Reached skill level 18 in Invocations
 45678 | Vaults:2 | Reached skill level 19 in Invocations
 46026 | Vaults:2 | Noticed Margery
 46045 | Vaults:2 | Killed Margery
 46248 | Vaults:2 | Reached skill level 20 in Invocations
 46514 | Vaults:3 | Found a staircase to the Crypt.
 46514 | Vaults:3 | Found a basalt altar of Yredelemnul.
 46544 | Vaults:3 | Found an ancient bone altar of Kikubaaqudgha.
 46715 | Vaults:3 | Found Leqodosi's Food Boutique.
 47004 | Vaults:3 | Reached XP level 22. HP: 155/175 MP: 36/36
 47126 | Vaults:3 | Reached skill level 21 in Invocations
 47574 | Vaults:3 | Found Goavoeh's Weapon Shop.
 47588 | Vaults:3 | Found Daraes's Antique Weapon Shop.
 47901 | Vaults:3 | Got a pair of pitted boots
 47912 | Vaults:3 | Identified the +2 pair of boots of Vukhlomal {rN+ MR+++} (You acquired it on level 3 of the Vaults)
 47948 | Vaults:3 | Found Ridoz's Magic Scroll Shoppe.
 47968 | Vaults:3 | Reached skill level 22 in Invocations
 47975 | Vaults:3 | Bought a scroll of enchant armour for 165 gold pieces
 47975 | Vaults:3 | Bought a scroll of identify for 44 gold pieces
 47975 | Vaults:3 | Bought a scroll of fog for 44 gold pieces
 48031 | Vaults:3 | Found Biocuit's Magic Scroll Shop.
 48041 | Vaults:3 | Bought a scroll of identify for 30 gold pieces
 48041 | Vaults:3 | Bought a scroll of identify for 30 gold pieces
 48041 | Vaults:3 | Bought a scroll of identify for 30 gold pieces
 49049 | Vaults:4 | Reached skill level 23 in Invocations
 49746 | Vaults:4 | Reached XP level 23. HP: 177/181 MP: 38/38
 49865 | Crypt:1  | Entered Level 1 of the Crypt
 49933 | Crypt:1  | Noticed Donald
 49965 | Crypt:1  | Killed Donald
 50040 | Crypt:1  | Reached skill level 24 in Invocations
 51604 | Crypt:2  | Reached skill level 25 in Invocations
 52581 | Crypt:3  | Entered Level 3 of the Crypt
 52977 | Crypt:3  | Reached skill level 26 in Invocations
 53000 | Crypt:3  | Reached XP level 24. HP: 187/188 MP: 40/40
 53368 | Crypt:3  | Noticed Sojobo
 53587 | Crypt:3  | Killed Sojobo
 53966 | Crypt:3  | Found a staircase to the Tomb.
 53986 | Crypt:3  | Noticed an ancient lich
 54005 | Crypt:3  | Killed an ancient lich
 54005 | Crypt:3  | Reached skill level 27 in Invocations
 54138 | Crypt:3  | Found an ancient bone altar of Kikubaaqudgha.
 54565 | Depths:1 | Entered Level 1 of the Depths
 54787 | Depths:1 | Found a gateway to Hell.
 55235 | Depths:1 | Found Fotize's Jewellery Emporium.
 55237 | Depths:1 | Found Wuugrey's Gadget Shop.
 55238 | Depths:1 | Found Kaargh's Jewellery Emporium.
 55562 | Depths:2 | Found a large runed door.
 55562 | Depths:2 | Found a large runed door.
 56159 | Depths:2 | Found Pataong's Food Shop.
 56413 | Depths:2 | Found a one-way gate to the infinite horrors of the Abyss.
 56496 | Depths:2 | Got a twisted chain mail
 56507 | Depths:2 | Identified the +1 chain mail of Ingas {rPois rC+ Dex+3} (You found it on level 2 of the Depths)
 56582 | Depths:2 | Reached XP level 25. HP: 195/202 MP: 40/40
 57223 | Depths:3 | Found a one-way gate leading to the halls of Pandemonium.
 58036 | Depths:3 | Noticed a caustic shrike
 58051 | Depths:3 | Killed a caustic shrike
 58058 | Depths:3 | Noticed a caustic shrike
 58059 | Depths:3 | Noticed a caustic shrike
 58071 | Depths:3 | HP: 7/208 [caustic shrike (21)]
 58071 | Depths:3 | Splashed by a caustic shrike's acid

Skill      XL: |  1  2  3  4  5  6  7  8  9 10 11 12 13 14 15 16 17 18 19 20 21 22 23 24 25 |
---------------+----------------------------------------------------------------------------+-----
Shields        | 4 5 10 11 15 20 21 | 21.0
Armour         | 4 5 7 10 11 15 17 | 17.0
Fighting       | 5 9 11 15 17 19 | 19.5
Staves         | 5 6 12 14 | 14.0
Invocations    | 7 11 12 16 17 20 23 26 27 | 27.0
Polearms       | 8 10 | 10.0
Dodging        | 8 |  8.0

Action                   |  1- 3 |  4- 6 |  7- 9 | 10-12 | 13-15 | 16-18 | 19-21 | 22-24 | 25-27 || total
-------------------------+-------+-------+-------+-------+-------+-------+-------+-------+-------++-------
Melee: Quarterstaff      |    96 |   167 |   605 |    10 |       |       |       |       |       ||   878
       Trident           |       |       |       |   666 |  1341 |       |       |       |       ||  2007
       Lajatang          |       |       |       |       |    60 |  2052 |  1983 |  1895 |   283 ||  6273
       Scimitar          |       |       |       |       |       |    59 |       |       |       ||    59
Invok: Recite            |       |       |    24 |    24 |    29 |    53 |    34 |    83 |    16 ||   263
       Vitalisation      |       |       |     1 |       |    13 |    12 |     5 |     2 |     1 ||    34
       Imprison          |       |       |       |     1 |       |     7 |       |     1 |       ||     9
       Sanctuary         |       |       |       |       |     1 |     4 |       |       |     1 ||     6
       Donate Gold       |       |       |       |       |       |     1 |       |       |       ||     1
 Abil: Dig               |       |     1 |       |       |    24 |    10 |     5 |       |     2 ||    42
Evoke: Wand              |       |       |       |    14 |     2 |     3 |     6 |     5 |       ||    30
  Use: Potion            |       |     1 |     9 |     3 |     1 |     9 |     1 |     6 |     2 ||    32
       Scroll            |       |       |    13 |     6 |    21 |    13 |     5 |     3 |     1 ||    62
 Stab: Invisible         |       |       |     2 |     2 |       |    10 |       |       |     2 ||    16
       Confused          |       |       |     1 |     8 |     9 |    37 |    24 |    45 |    15 ||   139
       Paralysed         |       |       |       |     1 |     9 |    81 |     6 |    45 |     6 ||   148
  Eat: Chunk             |       |     3 |    13 |    10 |    20 |    11 |     4 |       |       ||    61
       Royal jelly       |       |       |     1 |     1 |     2 |    10 |     7 |     9 |       ||    30
       Fruit             |       |       |       |     2 |    15 |     5 |     8 |     8 |       ||    38
       Meat ration       |       |       |       |     1 |     1 |     2 |     1 |     2 |     1 ||     8
Armor: Scale mail        |    32 |    14 |       |       |       |   237 |   231 |   168 |    23 ||   705
       Plate armour      |       |    63 |   254 |   181 |   289 |   156 |       |       |       ||   943
Dodge: Dodged            |    38 |    40 |    98 |    44 |   165 |   409 |   293 |   206 |    40 ||  1333
Block: Shield            |    45 |    99 |   391 |    89 |       |       |       |       |       ||   624
       Reflection        |       |       |     7 |    16 |    17 |    38 |    51 |    45 |     5 ||   179
       Large shield      |       |       |       |   395 |   996 |  1582 |  1604 |  1237 |   166 ||  5980
       Rpst.: Scimitar   |       |       |       |       |       |     4 |       |       |       ||     4
